 Dungeon Crawl Stone Soup version 0.23.2-40-g277498a001 (webtiles) character file.

Game seed: 15619689029279209832

496 Emblim88 the Grasshopper (level 7, 0/56 HPs)
             Began as a Gnoll Warper on Aug 24, 2019.
             Was an Initiate of Wu Jian.
             Slain by Pikel
             ... wielding a +0 whip of freezing
              (3 damage)
             ... on level 4 of the Dungeon.
             The game lasted 00:08:41 (2416 turns).

Emblim88 the Grasshopper (Gnoll Warper)             Turns: 2416, Time: 00:08:42

Health: 0/56       AC:  6    Str: 13    XL:     7   Next: 15%
Magic:  0/24       EV: 15    Int: 16    God:    Wu Jian [......]
Gold:   193        SH:  0    Dex: 16    Spells: 13/17 levels left

rFire    . . .     SeeInvis .   a - +5 falchion
rCold    . . .     Gourm    .   (no shield)
rNeg     . . .     Faith    .   b - +0 leather armour
rPois    .         Spirit   +   (no helmet)
rElec    .         Reflect  .   m - +0 cloak
rCorr    .         Harm     .   r - +1 pair of gloves
MR       .....                  (no boots)
Stlth    ++........             l - amulet of guardian spirit
HPRegen  0.18/turn              D - ring of wizardry
MPRegen  0.19/turn              p - ring of magical power

@: about to teleport, very slightly contaminated
A: distributed training, fangs 1, strong nose
a: Renounce Religion


You were on level 4 of the Dungeon.
You worshipped Wu Jian.
Wu Jian was noncommittal.
You were hungry.

You visited 1 branch of the dungeon, and saw 4 of its levels.

You collected 193 gold pieces.

Inventory:

Hand Weapons
 a - a +5 falchion (weapon)
 o - a +1 whip of freezing
 s - a +3 falchion
 y - a +0 scythe of flaming
Missiles
 e - 5 tomahawks of dispersal (quivered)
 u - 8 tomahawks
Armour
 b - a +0 leather armour (worn)
 m - a +0 cloak (worn)
 r - a +1 pair of gloves (worn)
Jewellery
 g - an uncursed amulet of faith
 l - an amulet of guardian spirit (around neck)
 p - a ring of magical power (right hand)
 q - an uncursed amulet of rage {unknown}
 x - an uncursed ring of fire
 D - a ring of wizardry (left hand)
Scrolls
 c - a scroll of remove curse {unknown}
 i - a scroll of immolation {unknown}
 j - 5 scrolls of magic mapping
 k - a scroll of fear
 v - a scroll of enchant armour
 A - a scroll of identify
Potions
 h - a potion of curing
 t - a potion of magic
 w - a potion of haste
 z - a potion of might {unknown}
 B - a potion of brilliance {unknown}
 C - a potion of lignification {unknown}
Comestibles
 f - 7 rations


   Skills:
 + Level 5.1 Fighting
 + Level 2.2 Short Blades
 + Level 5.1 Long Blades
 + Level 2.2 Axes
 + Level 2.2 Maces & Flails
 + Level 2.2 Polearms
 + Level 2.2 Staves
 + Level 2.2 Slings
 + Level 2.2 Bows
 + Level 2.2 Crossbows
 + Level 3.4 Throwing
 + Level 3.4 Armour
 + Level 5.1 Dodging
 + Level 2.2 Stealth
 + Level 2.2 Shields
 + Level 2.2 Unarmed Combat
 + Level 5.5 Spellcasting
 + Level 1.8 Conjurations
 + Level 1.8 Hexes
 + Level 1.8 Charms
 + Level 1.8 Summonings
 + Level 1.8 Necromancy
 + Level 5.7 Translocations
 + Level 1.8 Transmutations
 + Level 1.8 Fire Magic
 + Level 1.8 Ice Magic
 + Level 1.8 Air Magic
 + Level 1.8 Earth Magic
 + Level 1.8 Poison Magic
 + Level 2.5 Invocations
 + Level 2.2 Evocations


You had 13 spell levels left.
You knew the following spells:

 Your Spells              Type           Power        Failure   Level  Hunger
a - Shroud of Golubria    Chrm/Tloc      ###.......   2%          2    #......
b - Blink                 Tloc           N/A          1%          2    #......

Your spell library contained the following spells:

 Spells                   Type           Power        Failure   Level  Hunger
 Gell's Gravitas          Tloc           ###.......   1%          3    ###....
 Lesser Beckoning         Tloc           ###.......   1%          3    ###....
 Teleport Other           Tloc           ###.....     1%          3    ###....
 Passage of Golubria      Tloc           N/A          6%          4    ####...


Dungeon Overview and Level Annotations

Branches:
Dungeon (4/15)
 Temple: D:4-7

Altars:
Ashenzari
Dithmenos
Hepliaklqana
Qazlal
Ru
Sif Muna
Wu Jian
Xom

Annotations:
D:4 Pikel


Innate Abilities, Weirdness & Mutations

Your experience applies equally to all skills.
You have very sharp teeth.
Your uncanny sense of smell can sniff out nearby items.


Message History

* * * LOW HITPOINT WARNING * * *
Pikel barely misses you. The slave misses you. The slave closely misses you.
As you read the scroll of fear, it crumbles to dust.
You assume a fearsome visage.
Pikel looks frightened!
The slave looks frightened! x3
Okay, then.
You lunge at Pikel.
You strike the helpless Pikel from behind!
You hit Pikel.
Your attack snaps Pikel out of his fear.
Pikel is moderately wounded.
Pikel hits you with a +0 whip of freezing!
* * * LOW HITPOINT WARNING * * *
Pikel freezes you.
* * * LOW HITPOINT WARNING * * *
Okay, then.
As you read the scroll of teleportation, it crumbles to dust.
You feel strangely unstable.
Pikel hits you with a +0 whip of freezing.
You die...

#...... ∆ +...... #.[....
####### ####†.....
#..p..########......###
+.......p....#......# ....
#............#......#
+.....#............'......#
#####.....#....K@....p.#......#
..........###+####'#####......#
............................###
............................#
............................#
............................#
............................#
......>...†.................
..........##+#######........


You could see Pikel and 3 slaves.

Vanquished Creatures
  Sigmund (D:3)
  A slave (D:4)
  A jelly (D:3)
  2 hounds (D:4)
  2 orc priests (D:3)
  3 orc wizards (D:3)
  A worm (D:3)
  A dart slug (D:3)
  4 leopard geckos
  13 orcs
  2 ball pythons
  8 bats
  4 giant cockroaches
  7 goblins
  10 hobgoblins
  6 kobolds
  2 quokkas (D:4)
  6 frilled lizards
  9 rats
83 creatures vanquished.

Notes
Turn   | Place    | Note
-------+----------+-------------------------------------------
     0 | D:1      | Emblim88 the Gnoll Warper began the quest for the Orb.
     0 | D:1      | Reached XP level 1. HP: 20/20 MP: 6/6
    45 | D:1      | Reached XP level 2. HP: 25/26 MP: 7/7
   359 | D:1      | Reached XP level 3. HP: 25/31 MP: 9/9
   466 | D:1      | Learned a level 2 spell: Shroud of Golubria
   469 | D:1      | Learned a level 2 spell: Blink
   473 | D:1      | Reached skill level 5 in Spellcasting
   845 | D:2      | Found a deep blue altar of Sif Muna.
   861 | D:2      | Found a hazy altar of Hepliaklqana.
   861 | D:2      | Found a stormy altar of Qazlal.
  1346 | D:3      | Reached skill level 1 in Invocations
  1360 | D:3      | Reached skill level 1 in Short Blades
  1360 | D:3      | Reached skill level 1 in Axes
  1360 | D:3      | Reached skill level 1 in Maces & Flails
  1360 | D:3      | Reached skill level 1 in Polearms
  1360 | D:3      | Reached skill level 1 in Staves
  1360 | D:3      | Reached skill level 1 in Slings
  1360 | D:3      | Reached skill level 1 in Bows
  1360 | D:3      | Reached skill level 1 in Crossbows
  1360 | D:3      | Reached skill level 1 in Stealth
  1360 | D:3      | Reached skill level 1 in Shields
  1360 | D:3      | Reached skill level 1 in Unarmed Combat
  1360 | D:3      | Reached skill level 1 in Evocations
  1360 | D:3      | Reached XP level 4. HP: 38/38 MP: 8/11
  1374 | D:3      | Reached skill level 1 in Conjurations
  1374 | D:3      | Reached skill level 1 in Hexes
  1374 | D:3      | Reached skill level 1 in Charms
  1374 | D:3      | Reached skill level 1 in Summonings
  1374 | D:3      | Reached skill level 1 in Necromancy
  1374 | D:3      | Reached skill level 1 in Transmutations
  1374 | D:3      | Reached skill level 1 in Fire Magic
  1374 | D:3      | Reached skill level 1 in Ice Magic
  1374 | D:3      | Reached skill level 1 in Air Magic
  1374 | D:3      | Reached skill level 1 in Earth Magic
  1374 | D:3      | Reached skill level 1 in Poison Magic
  1426 | D:3      | Found a shadowy altar of Dithmenos.
  1441 | D:3      | Reached XP level 5. HP: 30/43 MP: 9/12
  1643 | D:3      | Noticed Sigmund
  1677 | D:3      | Killed Sigmund
  1677 | D:3      | Reached skill level 5 in Fighting
  1677 | D:3      | Reached skill level 5 in Long Blades
  1677 | D:3      | Reached skill level 5 in Dodging
  1677 | D:3      | Reached XP level 6. HP: 19/51 MP: 9/14
  1886 | D:3      | Found a shimmering altar of Xom.
  2058 | D:3      | Found an ornate altar of the Wu Jian Council.
  2062 | D:3      | Became a worshipper of the Wu Jian Council
  2083 | D:3      | Found a sacrificial altar of Ru.
  2267 | D:4      | Reached XP level 7. HP: 54/56 MP: 15/15
  2283 | D:4      | Found a shattered altar of Ashenzari.
  2391 | D:4      | Noticed Pikel
  2416 | D:4      | Slain by Pikel

Skill      XL: |  1  2  3  4  5  6 |
---------------+-------------------+-----
Spellcasting   | 5 |  5.5
Invocations    | 1 2 |  2.5
Short Blades   | 1 2 |  2.2
Axes           | 1 2 |  2.2
Maces & Flails | 1 2 |  2.2
Polearms       | 1 2 |  2.2
Staves         | 1 2 |  2.2
Slings         | 1 2 |  2.2
Bows           | 1 2 |  2.2
Crossbows      | 1 2 |  2.2
Stealth        | 1 2 |  2.2
Shields        | 1 2 |  2.2
Unarmed Combat | 1 2 |  2.2
Evocations     | 1 2 |  2.2
Conjurations   | 1 |  1.8
Hexes          | 1 |  1.8
Charms         | 1 |  1.8
Summonings     | 1 |  1.8
Necromancy     | 1 |  1.8
Transmutations | 1 |  1.8
Fire Magic     | 1 |  1.8
Ice Magic      | 1 |  1.8
Air Magic      | 1 |  1.8
Earth Magic    | 1 |  1.8
Poison Magic   | 1 |  1.8
Throwing       | 3 |  3.4
Armour         | 3 |  3.4
Fighting       | 5 |  5.1
Long Blades    | 5 |  5.1
Dodging        | 5 |  5.1
Translocations | |  5.7

Action                   |  1- 3 |  4- 6 |  7- 9 || total
-------------------------+-------+-------+-------++-------
Melee: Falchion          |    94 |   117 |    37 ||   248
       Bite              |     9 |    14 |     7 ||    30
       Punch             |       |       |     3 ||     3
 Cast: Shroud of Golubri |     1 |     1 |     3 ||     5
Invok: Lunge             |       |     1 |     2 ||     3
  Use: Scroll            |     9 |     3 |     3 ||    15
       Potion            |       |       |     1 ||     1
 Stab: Sleeping          |     2 |     2 |       ||     4
       Distracted        |       |     1 |       ||     1
       Fleeing           |       |       |     1 ||     1
  Eat: Ration            |     1 |       |       ||     1
       Chunk             |       |     1 |       ||     1
Armor: Leather armour    |     8 |    25 |     7 ||    40
Dodge: Dodged            |    76 |    65 |    36 ||   177
       Rpst.: Falchion   |    18 |    17 |     9 ||    44
